 Dungeon Crawl Stone Soup version 0.27-a0-1186-g8b4daa1eef (webtiles) character file.

Game seed: 16358911277467152224

7186 Zonian the Destroyer (level 11, -10/55 HPs)
             Began as a Tengu Conjurer on May 20, 2021.
             Was a Follower of Hepliaklqana.
             Mangled by Urug
             ... wielding a +3 eveningstar
              (12 damage)
             ... on level 10 of the Dungeon.
             The game lasted 00:34:31 (16392 turns).

Zonian the Destroyer (Tengu Conjurer)              Turns: 16392, Time: 00:34:31

Health: -10/55     AC: 12    Str: 10    XL:     11   Next: 11%
Magic:  9/21       EV: 14    Int: 19    God:    Hepliaklqana [*.....]
Gold:   604        SH:  0    Dex: 13    Spells: 16/23 levels left

rFire    . . .     SeeInvis .   b - +6 quarterstaff (freeze)
rCold    . . .     Faith    .   (shield currently unavailable)
rNeg     . . .     Spirit   .   f - +1 ring mail
rPois    .         Reflect  .   (helmet restricted)
rElec    .         Harm     .   T - +1 cloak
rCorr    .         Rampage  .   v - +2 pair of gloves
Will     +....                  (boots unavailable)
Stlth    +++.......             t - amulet of magic regeneration
HPRegen  0.18/turn              s - ring of wizardry
MPRegen  0.42/turn              G - ring of willpower

@: flying quickly and evasively, quick
A: reduced essence, beak, talons 3, nimble flight
a: Renounce Religion, Recall Ancestor, Ancestor Identity


You were on level 10 of the Dungeon.
You worshipped Hepliaklqana.
Hepliaklqana was aware of your devotion.
You visited 2 branches of the dungeon, and saw 11 of its levels.
You also visited: Ossuary.

You collected 604 gold pieces.

Inventory:

Hand Weapons
 b - a +6 quarterstaff of freezing (weapon)
 c - a +2 vampiric dagger
 e - a +0 spear
 k - a +0 hunting sling
 l - a +1 vorpal long sword
 u - a +1 dagger of freezing
 w - a +2 flail of draining
 D - a +3 halberd
 H - a +3 dagger
 I - a +4 trident
 M - a +1 dagger of speed
 Q - a +3 morningstar
 S - a +0 hand crossbow
Missiles
 m - 3 javelins
 C - 5 atropa-tipped darts
 V - a curare-tipped dart
Armour
 a - a +0 robe
 f - a +1 ring mail (worn)
 g - a +0 scale mail
 q - a +2 pair of boots
 v - a +2 pair of gloves (worn)
 x - a +0 leather armour
 J - a +0 ring mail
 T - a +1 cloak (worn)
Magical Staves
 B - a staff of air
Jewellery
 d - a ring of resist corrosion
 s - a ring of wizardry (left hand)
 t - an amulet of magic regeneration (around neck)
 G - a ring of willpower (right hand)
 K - a ring of protection from fire
 P - a ring of willpower
 R - an amulet of reflection
Wands
 r - a wand of polymorph (4)
 y - a wand of flame (52)
 U - a wand of mindburst (10)
Scrolls
 h - 4 scrolls of teleportation
 N - a scroll of holy word
 O - 5 scrolls of amnesia
 X - a scroll of magic mapping
 Y - 2 scrolls of silence
Potions
 i - 2 potions of lignification
 j - 3 potions of haste
 n - a potion of might {unknown}
 o - 2 potions of curing
 p - a potion of heal wounds {unknown}
 z - a potion of degeneration {unknown}
 A - 3 potions of berserk rage
 E - a potion of resistance {unknown}
 F - 6 potions of brilliance
 L - 2 potions of mutation {unknown}
 W - a potion of attraction {unknown}


   Skills:
 + Level 4.8 Fighting
 + Level 7.1 Staves
 - Level 0.4 Throwing
 + Level 5.2 Armour
 + Level 5.9 Dodging
 + Level 6.7 Stealth
 + Level 6.5 Spellcasting
 + Level 10.7 Conjurations
 - Level 2.3 Translocations
 + Level 3.5 Invocations


You had 16 spell levels left.
You knew the following spells:

 Your Spells              Type           Power      Damage    Failure   Level
a - Magic Dart            Conj           100%       1d8       1%          1
b - Searing Ray           Conj           94%        3d6       1%          2
c - Iskenderun's Mystic   Conj/Tloc      31%        2d8       7%          4

Your spell library contained the following spells:

 Spells                   Type           Power      Damage    Failure   Level
 Dazzling Flash           Conj/Hex       52%        N/A       3%          3
 Corona                   Hex            6%         N/A       11%         1
 Freeze                   Ice            24%        1d5       11%         1
 Fulminant Prism          Conj/Hex       13%        3d9       11%         4
 Hailstorm                Conj/Ice       26%        3d7       11%         4
 Gell's Gravitas          Tloc           7%         N/A       12%         3
 Slow                     Hex            6%         N/A       16%         2
 Portal Projectile        Hex/Tloc       20%        N/A       19%         3
 Confusing Touch          Hex            6%         N/A       28%         3
 Frozen Ramparts          Ice            12%        1d3       28%         3
 Inner Flame              Hex/Fire       6%         N/A       28%         3
 Ozocubu's Armour         Ice            6%         N/A       28%         3
 Cause Fear               Hex            3%         N/A       65%         4
 Leda's Liquefaction      Hex/Erth       3%         N/A       65%         4
 Petrify                  Tmut/Erth      6%         N/A       65%         4
 Metabolic Englaciation   Hex/Ice        3%         N/A       93%         5
 Yara's Violent Unravell  Hex/Tmut       3%         3d4       93%         5


Dungeon Overview and Level Annotations

Branches:
Dungeon (10/15)            Temple (1/1) D:7         Ossuary (visited)
   Lair: D:8-11         Orc: D:9-12

Altars:
Cheibriados
Dithmenos
Fedhas
Hepliaklqana
Okawaru
Trog
Vehumet
Zin

Annotations:
D:10 Urug


Innate Abilities, Weirdness & Mutations

Your life essence is reduced to manifest your ancestor. (-10% HP)
You have a beak for a mouth.
You have claws for feet.
Your magical nature lets you fly swiftly and evasively.


Message History

The searing ray hits Urug but does no damage.
Urug is moderately wounded.
Unknown command.
The searing ray misses Urug.
Unknown command.
The searing ray hits Urug!
Urug is heavily wounded.
You finish channeling your searing ray.
Urug hits you with a +3 eveningstar!!
Unknown command.
Casting: Searing Ray (safe; 1% risk of failure)
Confirm with . or Enter, or press ? or * to list all spells.
Aiming: Searing Ray (safe; 1% risk of failure)
Press: ? - help, Shift-Dir - straight line, f/p - Urug
Aim: Urug, wielding a +3 eveningstar, wearing a +0 chain mail and quivering javelins (heavily wounded, 80% to hit)
The searing ray hits Urug but does no damage.
Urug is heavily wounded. (Press . to maintain the ray.) Urug hits you with a +3 eveningstar.
The searing ray hits Urug!
Urug is heavily wounded.
Urug hits you with a +3 eveningstar!
Unknown command.
The searing ray hits Urug!
Urug is severely wounded.
Urug closely misses you.
Unknown command.
The searing ray misses Urug.
You finish channeling your searing ray.
Urug hits you with a +3 eveningstar!!
* * * LOW HITPOINT WARNING * * *
Unknown command.
Casting: Searing Ray (safe; 1% risk of failure)
Confirm with . or Enter, or press ? or * to list all spells.
Aiming: Searing Ray (safe; 1% risk of failure)
Press: ? - help, Shift-Dir - straight line, f/p - Urug
Aim: Urug, wielding a +3 eveningstar, wearing a +0 chain mail and quivering javelins (severely wounded, 80% to hit)
The searing ray hits Urug!
Urug is almost dead. (Press . to maintain the ray.) Urug hits you with a +3 eveningstar!
You die...

#################################
...................).)...........
...................)####...###...
...........................# #...
...............###.........# #...
...............# #.........# #...
..(............# #.........# #...
...............###.........###...
...............o@................
#############'###################
#..............# #
#..............# #
#..............# # ######
#..............# # .....#
#..............# # .....#
#..............# # .....# ##
#...##########†### #


You could see Urug.

Vanquished Creatures
  2 two-headed ogres
  A troll (D:10)
  Sigmund (D:2)
  2 shadows
  A wyvern (D:8)
  8 yaks (D:10)
  A steam dragon (D:9)
  Edmund (D:5)
  5 orc warriors
  An ice beast (D:7)
  A sky beast (D:7)
  A centaur (D:9)
  2 phantoms (D:4)
  3 kobold brigands
  2 bullfrogs
  An elf zombie (Ossuary)
  A scorpion (D:6)
  A water moccasin skeleton (D:4)
  4 killer bees (D:9)
  13 wights
  2 centaur zombies
  A bullfrog zombie (D:5)
  4 orc priests
  2 hounds
  3 jellies
  2 bullfrog skeletons
  A centaur skeleton (D:7)
  A human zombie (Ossuary)
  11 orc wizards
  2 killer bee zombies
  4 mummies (Ossuary)
  4 gnolls
  4 adders
  A white imp (D:6)
  3 ufetubi
  4 worms
  5 dart slugs
  29 orcs
  7 endoplasms
  4 giant cockroaches
  8 goblins
  10 hobgoblins
  9 jackals
  26 kobolds
  4 quokkas
  6 ball pythons
  9 bats
  3 frilled lizards
  A goblin zombie (Ossuary)
  3 jackal zombies (Ossuary)
  2 kobold zombies (Ossuary)
  3 orc zombies (Ossuary)
  5 rats
  A rat zombie (Ossuary)
236 creatures vanquished.

Vanquished Creatures (collateral kills)
  A yak (D:10)
  A bullfrog skeleton (D:5)
  A howler monkey zombie (D:10)
3 creatures vanquished.

Vanquished Creatures (others)
  4 ancestors (D:10)
4 creatures vanquished.

Grand Total: 243 creatures vanquished

Notes
Turn   | Place    | Note
-------+----------+-------------------------------------------
     0 | D:1      | Zonian the Tengu Conjurer began the quest for the Orb.
     0 | D:1      | Reached XP level 1. HP: 10/10 MP: 4/4
   273 | D:1      | Reached XP level 2. HP: 4/15 MP: 4/6
  1006 | D:1      | Reached skill level 6 in Conjurations
  1139 | D:1      | Reached XP level 3. HP: 16/19 MP: 0/7
  2055 | D:2      | Learned a level 2 spell: Searing Ray
  2066 | D:2      | Noticed Sigmund
  2101 | D:2      | Reached skill level 1 in Staves
  2505 | D:2      | Reached XP level 4. HP: 24/24 MP: 2/8
  3525 | D:2      | Killed Sigmund
  3526 | D:2      | Reached skill level 1 in Fighting
  3526 | D:2      | Gained mutation: Your magical nature lets you fly swiftly
                  | and evasively. [Tengu growth]
  3526 | D:2      | Reached XP level 5. HP: 8/29 MP: 1/10
  3526 | D:2      | Reached XP level 6. HP: 9/34 MP: 1/11
  3893 | D:2      | Found a faded altar of an unknown god.
  5056 | D:4      | Reached skill level 7 in Conjurations
  5275 | D:4      | Reached XP level 7. HP: 34/38 MP: 2/12
  6163 | D:4      | Reached skill level 8 in Conjurations
  6585 | D:5      | Entered Level 5 of the Dungeon
  6587 | D:5      | Noticed Edmund
  6795 | D:5      | Learned a level 4 spell: Iskenderun's Mystic Blast
  7536 | D:5      | Reached XP level 8. HP: 28/43 MP: 5/14
  7833 | D:5      | Reached skill level 1 in Translocations
  7891 | D:5      | Killed Edmund
  8422 | D:6      | Reached skill level 5 in Staves
  8422 | D:6      | Reached skill level 9 in Conjurations
  9047 | D:6      | Reached skill level 5 in Spellcasting
  9230 | D:6      | Reached skill level 1 in Armour
  9520 | D:6      | Reached XP level 9. HP: 39/48 MP: 13/17
 10865 | D:7      | Found a staircase to the Ecumenical Temple.
 10871 | D:7      | Reached skill level 5 in Stealth
 10878 | Temple   | Entered the Ecumenical Temple
 10897 | Temple   | Became a worshipper of Hepliaklqana the Forgotten
 11119 | D:8      | Reached skill level 1 in Invocations
 11193 | D:8      | Found a sand-covered staircase.
 11201 | Ossuary  | Entered an ossuary
 12838 | D:9      | Reached skill level 10 in Conjurations
 12838 | D:9      | Reached XP level 10. HP: 34/56 MP: 13/19
 13490 | D:9      | Found a bloodstained altar of Trog.
 13490 | D:9      | Found a glowing silver altar of Zin.
 13646 | D:9      | HP: 1/56 [asphyx]
 14192 | D:9      | Noticed a two-headed ogre
 14201 | D:9      | Killed a two-headed ogre
 14202 | D:9      | Reached skill level 5 in Dodging
 14828 | D:9      | Found a radiant altar of Vehumet.
 14830 | D:9      | Found a snail-covered altar of Cheibriados.
 14891 | D:10     | Entered Level 10 of the Dungeon
 15076 | D:10     | Reached * piety under Hepliaklqana
 15198 | D:10     | Noticed Urug
 16102 | D:10     | Reached XP level 11. HP: 55/55 MP: 21/21
 16268 | D:10     | Noticed a two-headed ogre
 16279 | D:10     | Killed a two-headed ogre
 16280 | D:10     | Reached skill level 5 in Armour
 16391 | D:10     | HP: 2/55 [Urug/+3 eveningstar (18)]
 16392 | D:10     | Mangled by Urug

Illustrated notes

Levels and vault maps discovered:
D:1:      psy_arrival_wood_between_worlds, layout_basic, minmay_pentomino_p2
D:2:      minmay_thinvault, layout_loops_cross, basic_ecumenical_altar,
          minmay_puff, uniq_sigmund
D:3:      layout_loops_cross
D:4:      layout_basic, minivault_1, minmay_misc_feat_nine_boxes
D:5:      layout_cave_pools, hangedman_decor_diamond_cutter, dk_vineyard_3,
          uniq_edmund
D:6:      layout_gridville
D:7:      layout_cave_pods, minmay_temple_entry_fiery
D:8:      layout_rooms, chequers_ossuary_entry_cave
D:9:      layout_roguey, gammafunk_temple_overflow_elements,
          nicolae_overflow_hidden_temple
D:10:     layout_stronghold, serial_column_ruins, column_ruins_hut,
          column_ruins_corridor_corner, column_ruins_grid_3,
          column_ruins_grid_2, column_ruins_columns_straight,
          column_ruins_open_tiny, uniq_urug
Temple:   nicolae_temple_elliptical

Skill      XL: |  1  2  3  4  5  6  7  8  9 10 11 |
---------------+----------------------------------+-----
Conjurations   | 6 7 8 9 10 | 10.7
Staves         | 1 3 5 6 7 |  7.1
Fighting       | 1 2 3 4 |  4.8
Stealth        | 3 4 5 6 |  6.7
Spellcasting   | 3 5 6 |  6.5
Dodging        | 3 4 5 |  5.9
Translocations | 2 |  2.3
Armour         | 1 3 4 5 |  5.2
Invocations    | 2 3 |  3.5
Throwing       | |  0.4

Action                   |  1- 3 |  4- 6 |  7- 9 | 10-12 || total
-------------------------+-------+-------+-------+-------++-------
Melee: Quarterstaff      |    42 |     3 |    91 |    43 ||   179
       Peck              |     5 |       |     6 |     5 ||    16
       Kick              |     5 |       |    12 |    11 ||    28
Throw: Javelin           |       |       |     3 |       ||     3
 Cast: Magic Dart        |    52 |    93 |   211 |    50 ||   406
       Searing Ray       |       |     4 |    40 |    28 ||    72
  Use: Scroll            |       |     7 |    14 |     9 ||    30
       Potion            |       |       |     2 |     2 ||     4
 Stab: Sleeping          |     2 |       |     1 |       ||     3
Armor: Robe              |    11 |       |    29 |       ||    40
       Skin              |       |       |   142 |       ||   142
       Leather armour    |       |       |    15 |     1 ||    16
       Ring mail         |       |       |       |    27 ||    27
Dodge: Dodged            |    44 |    17 |   113 |    67 ||   241

Table legend: (Time is in decaauts)
 A = Elapsed time spent in this place.
 B = Non-inter-level travel time spent in this place.
 C = Inter-level travel time spent in this place.
 D = Time resting spent in this place.
 E = Time spent auto-exploring this place.
 F = Levels seen in this place.
 G = Mean time per level.
                   A        B        C        D        E       F      G
               +--------+--------+--------+--------+--------+-----+--------+
         Total |  15869 |  15539 |    330 |   7464 |   5073 |  12 | 1322.4 |
       Dungeon |  14959 |  14644 |    315 |   6791 |   5058 |  10 | 1495.9 |
        Temple |     32 |     18 |     14 |      0 |     15 |   1 |   32.0 |
       Ossuary |    876 |    876 |      0 |    673 |      0 |   1 |  876.0 |
               +--------+--------+--------+--------+--------+-----+--------+

Top non-repeatable levels by time:
     D:2: 2458 daAuts
     D:9: 2101 daAuts
     D:1: 1684 daAuts
     D:6: 1465 daAuts
     D:4: 1457 daAuts
    D:10: 1403 daAuts
     D:5: 1265 daAuts
     D:3: 1182 daAuts
     D:7: 1108 daAuts
 Ossuary: 876 daAuts
     D:8: 832 daAuts
  Temple: 32 daAuts
